 Dungeon Crawl Stone Soup version 0.30.1 (webtiles) character file.

Game seed: 13726794187580152907

9826 anacleto the Grappler (level 11, -5/115 HPs)
             Began as a Troll Berserker on July 9, 2023.
             Was an Elder of Trog.
             Slain by an unseen horror (10 damage)
             ... on level 11 of the Dungeon.
             The game lasted 00:27:25 (8967 turns).

anacleto the Grappler (Troll Berserker)             Turns: 8967, Time: 00:27:26

Health: -5/115     AC:  5    Str: 31    XL:     11   Next: 28%
Magic:  8/8        EV: 10    Int:  3    God:    Trog [****..]
Gold:   234        SH:  0    Dex:  9    Spells: 10/10 levels left

rFire   + .          .
                       - Unarmed
rCold   . . .        (no shield)
rNeg    . . .        a - +0 animal skin
rPois   .            (helmet restricted)
rElec   .            (no cloak)
rCorr   .            (gloves unavailable)
SInv    .            (boots unavailable)
Will    +....        (no amulet)
Stlth   +            b - ring of protection from fire
HPRegen 1.19/turn    r - ring of willpower
MPRegen 0.11/turn

%: no passive effects
@: on berserk cooldown, slowed, studying Fighting, very slow
A: large, unfitting armour, claws 3, regeneration 1, shaggy fur 2, tough skin 1,
low MP 1, wild magic 1
a: Renounce Religion, Berserk, Trog's Hand, Brothers in Arms


You were on level 11 of the Dungeon.
You worshipped Trog.
Trog was greatly pleased with you.
You visited 1 branch of the dungeon, and saw 11 of its levels.
You also visited: Sewer.

You collected 504 gold pieces.
You spent 270 gold pieces at shops.

Inventory:

Missiles
 g - 2 boomerangs of dispersal (quivered)
 m - 11 poisoned darts
Armour
 a - a +0 animal skin (worn)
Jewellery
 b - a ring of protection from fire (left claw)
 e - an amulet of guardian spirit
 r - a ring of willpower (right claw)
 I - a ring of fire
 J - a ring of fire
Wands
 j - a wand of roots (12)
 o - a wand of flame (6)
 t - a wand of polymorph (5)
 D - a wand of digging (9)
 E - a wand of paralysis (5)
 L - a wand of acid (3)
Scrolls
 c - 4 scrolls of vulnerability
 f - 2 scrolls of amnesia
 q - a scroll of silence
 u - a scroll of torment {unknown}
 v - a scroll of teleportation {unknown}
 A - 2 scrolls of magic mapping
 B - a scroll of enchant weapon {unknown}
 F - a scroll of poison {unknown}
 G - 4 scrolls of fog
 K - a scroll of summoning {unknown}
 N - a scroll of immolation
Potions
 h - 4 potions of flight
 i - 6 potions of curing
 k - 2 potions of ambrosia
 l - 2 potions of haste
 n - 3 potions of heal wounds
 p - 2 potions of degeneration {unknown}
 s - 3 potions of mutation
 w - 4 potions of lignification
 x - 2 potions of resistance {unknown}
 z - 3 potions of attraction
 C - a potion of berserk rage {unknown}
 H - a potion of might {unknown}


   Skills:
 * Level 9.4 Fighting
 - Level 7.7 Throwing
 - Level 2.4 Dodging
 - Level 12.6 Unarmed Combat


You had 10 spell levels left.
You didn't know any spells.
Your spell library was empty.

Dungeon Overview and Level Annotations

Branches:
Dungeon (11/15)            Temple (0/1) D:5            Lair (0/5) D:10
    Orc (0/2) D:9           Sewer (visited)

Altars:
Cheibriados
Dithmenos
Elyvilon
Nemelex Xobeh
Uskayaw
Vehumet
Xom
Zin

Shops:
D:9 (*

Annotations:
D:6 1 runed translucent door, Crazy Yiuf


Innate Abilities, Weirdness & Mutations

You are too large for most types of armour.
You have claws for hands.
Your natural rate of healing is unusually fast.
You are covered in thick fur. (AC +2)
You have tough skin. (AC +1)
Your magical capacity is low. (-10% MP)
Your spells are a little harder to cast, but a little more powerful.


Message History

A vampire mosquito comes into view.
Something hits you! The vampire mosquito bites you.
The vampire mosquito draws strength from your injuries!
The vampire mosquito barely misses you.
The vampire mosquito buzzes angrily.
You scratch the vampire mosquito. You claw the vampire mosquito!
The vampire mosquito is almost destroyed.
Something hits you. Something hits you but does no damage.
The vampire mosquito closely misses you.
The vampire mosquito bites you.
The vampire mosquito draws strength from your injuries!
You claw the vampire mosquito!
You destroy the vampire mosquito!
Trog accepts your kill. Something hits you. x2
Something hits you. The vampire mosquito bites you.
The vampire mosquito draws strength from your injuries!
Something hits you.
The vampire mosquito closely misses you.
The vampire mosquito barely misses you. Something hits you.
* * * LOW HITPOINT WARNING * * *
You mangle the vampire mosquito!!
The vampire mosquito is almost destroyed.
Something hits you.
* * * LOW HITPOINT WARNING * * *
The vampire mosquito bites you but does no damage.
Something hits you but does no damage. The vampire mosquito bites you!
* * * LOW HITPOINT WARNING * * *
The vampire mosquito draws strength from your injuries!
You claw the vampire mosquito!
The vampire mosquito is almost destroyed.
Something hits you but does no damage. Something hits you!
* * * LOW HITPOINT WARNING * * *
Something hits you.
* * * LOW HITPOINT WARNING * * *
The vampire mosquito misses you. Something hits you.
* * * LOW HITPOINT WARNING * * *
The vampire mosquito misses you.
You claw something! Your claw misses something. Something hits you!
You die...

#.. ##..#######..#
######.. .............
........ ............
........ ...........#
######.. ...........#
#.. ...........# #..
......y.[..# #..
......{@...###########..
......(†................
........(...............
........######..######..
........# #..# #..
...$....# #..# #..
........# #..# #..
........# #..# #..
....... #..# #..


You could see a vampire mosquito.

Vanquished Creatures
  A boulder beetle (D:7)
  Pikel (D:6)
  An oklob plant (D:10)
  A cyclops (D:11)
  A troll (D:9)
  A hornet (D:10)
  19 yaks
  A wyvern (D:11)
  Menkaure (D:6)
  A vampire mosquito (D:11)
  Duvessa (D:4)
  An acid dragon (D:9)
  4 water moccasins
  4 orc warriors
  A sky beast (D:5)
  A black bear (D:6)
  3 ice beasts
  An ogre (D:5)
  A centaur (D:7)
  A lemure (D:6)
  A phantom (D:5)
  A kobold brigand (D:8)
  3 bullfrogs
  2 gnoll sergeants
  3 scorpions
  11 wights
  Dowan (D:4)
  14 killer bees
  2 howler monkeys
  5 hounds
  3 orc priests
  A gnoll bouda (D:5)
  A jelly (D:5)
  2 sleepcaps (D:5)
  Jessica (D:2)
  4 iguanas
  Natasha (thrice) (D:2)
  4 orc wizards
  Robin (D:2)
  11 gnolls
  4 adders
  3 river rats (Sewer)
  5 shadow imps
  An ufetubus (D:7)
  2 worms
  2 dart slugs (D:1)
  10 orcs
  10 endoplasms
  3 giant cockroaches
  9 hobgoblins
  4 quokkas
  15 ball pythons
  4 bats
  8 frilled lizards
  13 goblins
  14 kobolds
  11 rats
238 creatures vanquished.

Notes
Turn   | Place    | Note
-------+----------+-------------------------------------------
     0 | D:1      | anacleto the Troll Berserker began the quest for the Orb.
     0 | D:1      | Reached XP level 1. HP: 22/22 MP: 0/0
   157 | D:1      | Reached XP level 2. HP: 29/29 MP: 1/1
   319 | D:1      | Reached ** piety under Trog
   348 | D:1      | Reached XP level 3. HP: 35/37 MP: 2/2
   937 | D:2      | Noticed Natasha
   964 | D:2      | Killed Natasha
   965 | D:2      | Reached skill level 4 in Unarmed Combat
   965 | D:2      | Reached XP level 4. HP: 45/45 MP: 3/3
  1097 | D:2      | Noticed Natasha
  1107 | D:2      | Killed Natasha
  1108 | D:2      | Reached skill level 1 in Throwing
  1118 | D:2      | Noticed Natasha
  1130 | D:2      | Killed Natasha
  1205 | D:2      | Noticed Jessica
  1208 | D:2      | Killed Jessica
  1209 | D:2      | Reached XP level 5. HP: 53/53 MP: 4/4
  1332 | D:2      | Noticed Robin
  1362 | D:2      | Killed Robin
  1766 | D:3      | Noticed an ice beast
  1786 | D:3      | Killed an ice beast
  1787 | D:3      | Reached skill level 5 in Unarmed Combat
  1787 | D:3      | Reached XP level 6. HP: 46/62 MP: 5/5
  2088 | D:3      | You fall into a shaft and drop 1 floor!
  2114 | D:4      | Found a glowing drain.
  2151 | Sewer    | Entered a sewer
  2187 | Sewer    | Reached *** piety under Trog
  3010 | D:4      | Found a white marble altar of Elyvilon.
  3210 | D:4      | Reached skill level 6 in Unarmed Combat
  3223 | D:4      | Reached XP level 7. HP: 70/70 MP: 6/6
  3239 | D:4      | Noticed Duvessa
  3241 | D:4      | Noticed Dowan
  3247 | D:4      | Killed Duvessa
  3248 | D:4      | Killed Dowan
  3605 | D:5      | Entered Level 5 of the Dungeon
  3731 | D:5      | Reached skill level 7 in Unarmed Combat
  3887 | D:5      | Reached XP level 8. HP: 79/79 MP: 7/7
  4063 | D:5      | Reached skill level 5 in Fighting
  4128 | D:5      | Reached skill level 8 in Unarmed Combat
  4296 | D:5      | Found a staircase to the Ecumenical Temple.
  4405 | D:6      | Noticed Menkaure
  4421 | D:6      | Killed Menkaure
  4421 | D:6      | Reached **** piety under Trog
  4424 | D:6      | Noticed Pikel
  4433 | D:6      | Killed Pikel
  4434 | D:6      | Reached skill level 5 in Throwing
  4434 | D:6      | Reached skill level 9 in Unarmed Combat
  4434 | D:6      | Reached XP level 9. HP: 52/89 MP: 8/8
  4843 | D:6      | Identified the +11 hammer of Laigag {freeze, rElec rC+
                  | Will-}
  4845 | D:6      | Found a runed translucent door.
  4846 | D:6      | Noticed Crazy Yiuf
  5461 | D:7      | Reached skill level 10 in Unarmed Combat
  5500 | D:7      | Found a hide-covered altar of Uskayaw.
  5509 | D:7      | Found a shimmering altar of Xom.
  5944 | D:7      | Noticed a boulder beetle
  5959 | D:7      | Killed a boulder beetle
  6092 | D:8      | Reached XP level 10. HP: 90/100 MP: 9/9
  6140 | D:8      | Reached skill level 11 in Unarmed Combat
  6799 | D:9      | Found Giehisir's Antique Weapon Shop.
  6799 | D:9      | Found a staircase to the Orcish Mines.
  7015 | D:9      | Found a shadowy altar of Dithmenos.
  7195 | D:9      | Found Ceheoff's Changing Room.
  7213 | D:9      | Bought a potion of lignification for 45 gold pieces
  7213 | D:9      | Bought a potion of mutation for 120 gold pieces
  7213 | D:9      | Bought a wand of polymorph (5) for 105 gold pieces
  7232 | D:9      | Gained mutation: Your magical capacity is low. (-10% MP)
                  | [potion of mutation]
  7232 | D:9      | Gained mutation: Your spells are a little harder to cast,
                  | but a little more powerful. [potion of mutation]
  7232 | D:9      | Gained mutation: You are covered in thick fur. (AC +2)
                  | [potion of mutation]
  7452 | D:9      | Reached skill level 12 in Unarmed Combat
  7620 | D:10     | Entered Level 10 of the Dungeon
  7625 | D:10     | Found a snail-covered altar of Cheibriados.
  7707 | D:10     | Reached XP level 11. HP: 110/110 MP: 8/8
  7840 | D:10     | Found a staircase to the Lair.
  7846 | D:10     | Noticed an oklob plant
  7944 | D:10     | Killed an oklob plant
  8044 | D:8      | Reached ***** piety under Trog
  8400 | D:10     | Found a glowing silver altar of Zin.
  8401 | D:10     | Found a radiant altar of Vehumet.
  8402 | D:10     | Found a sparkling altar of Nemelex Xobeh.
  8777 | D:11     | Identified a scroll of acquirement
  8778 | D:11     | Acquired a manual of Fighting
  8966 | D:11     | HP: 4/115 [something (6)]
  8967 | D:11     | Slain by an unseen horror

Illustrated notes

Levels and vault maps discovered:
D:1:      kennysheep_arrival_forest, layout_loops_ring,
          chequers_decorated_corner, serial_bayou_pond_b
D:2:      layout_basic, kennysheep_generic_room_11, uniq_robin, uniq_jessica,
          uniq_natasha
D:3:      layout_loops_ring, minmay_misc_feat_chi, st_stairs_9,
          kennysheep_potato
D:4:      layout_basic, elyvilon_altar_3, portal_sewer_entry_a,
          minmay_misc_feat_four_crosses, uniq_duvessa
D:5:      layout_basic, temple_hall, minmay_checkerbox
D:6:      layout_loops_ring, uniq_pikel, uniq_menkaure, uniq_crazy_yiuf_cottage
D:7:      layout_basic, mainiacjoe_overflow_large_starburst
D:8:      layout_basic
D:9:      layout_roguey, lemuel_round_altar, orc_0_dummy, serial_shops,
          nicolae_stop_n_shop_2, nicolae_transmutations_shop
D:10:     layout_rooms, chequers_temple_overflow_statue_of_worship,
          mainiacjoe_overflow_catwalk, dpeg_oklobed_lair, minivault_22
D:11:     layout_small_grid, moated_statue

Skill      XL: |  1  2  3  4  5  6  7  8  9 10 11 |
---------------+----------------------------------+-----
Fighting       | 3 4 5 6 7 9 |  9.4
Unarmed Combat | 4 5 6 7 9 10 12 | 12.6
Throwing       | 1 2 3 5 6 7 |  7.7
Dodging        | |  2.4

Action                     |  1- 3 |  4- 6 |  7- 9 | 10-12 || total
---------------------------+-------+-------+-------+-------++-------
  Melee: Unarmed           |    82 |   157 |   172 |   118 ||   529
         Punch             |       |     1 |     2 |     7 ||    10
  Throw: Boomerang         |       |       |    22 |    86 ||   108
         Throwing net      |       |       |       |     6 ||     6
         Dart              |       |       |       |     5 ||     5
 Invoke: Berserk           |     2 |     5 |     9 |    10 ||    26
  Evoke: Wand              |       |     2 |     7 |    12 ||    21
    Use: Scroll            |       |     8 |     1 |    12 ||    21
         Potion            |       |       |       |     2 ||     2
   Stab: Sleeping          |       |     4 |       |       ||     4
 Armour: Animal skin       |    31 |    40 |    29 |    32 ||   132
  Dodge: Dodged            |    46 |    72 |    77 |    54 ||   249
